 Dungeon Crawl Stone Soup version 0.18.1-8-gdd0e5ea (webtiles) character file.

33 manyhoops the Insei (level 3, -2/23 HPs)
             Began as an Octopode Transmuter on June 1, 2016.
             Slain by a jackal (3 damage)
             ... on level 2 of the Dungeon.
             The game lasted 00:02:28 (1247 turns).

manyhoops the Insei (Octopode Transmuter)           Turns: 1247, Time: 00:02:29

Health: -2/23      AC:  1    Str:  9    XL:     3   Next: 29%
Magic:  4/6        EV: 12    Int: 16    God:
Gold:   88         SH:  0    Dex: 12    Spells: 2 memorised, 3 levels left

rFire  . . .     SeeInvis .       - Unarmed
rCold  . . .     Gourm    .     (no shield)
rNeg   . . .     Faith    .     (helmet restricted)
rPois  .         Spirit   .     m - amulet of inaccuracy (curse)
rElec  .         Dismiss  .     (no ring)
rCorr  .         Reflect  .     (no ring)
SustAt .         Harm     .     (no ring)
MR     .....                    (no ring)
Stlth  +++.......               (no ring)
                                (no ring)
                                (no ring)
                                (no ring)

@: not resistant to hostile enchantments, fairly stealthy
A: almost no armour, amphibious, 8 rings, constrict 8, camouflage 1, gelatinous
body 1
a: no special abilities


You were on level 2 of the Dungeon.
You were not hungry.

You visited 1 branch of the dungeon, and saw 2 of its levels.

You collected 88 gold pieces.

Inventory:

Missiles
 a - 8 arrows
Jewellery
 m - a cursed amulet of inaccuracy (around mantle)
Scrolls
 f - 2 scrolls of recharging
 l - a scroll of identify
Potions
 e - a potion of curing
 h - a potion of agility {unknown}
 i - a potion of flight {unknown}
 k - a potion of mutation {unknown}
Books
 b - a book of Changes

   Spells                             Type                      Level
   a - Beastly Appendage              Transmutation                1
   b - Sticks to Snakes               Transmutation                2
   c - Spider Form                    Transmutation/Poison         3
   d - Ice Form                       Ice/Transmutation            4
   e - Blade Hands                    Transmutation                5
Comestibles
 c - 2 bread rations
 d - a royal jelly
 j - 2 meat rations


   Skills:
 - Level 1.0 Fighting
 - Level 2.0 Dodging
 * Level 2.4 Stealth
 - Level 3.0 Unarmed Combat
 + Level 2.4 Spellcasting
 + Level 2.5 Transmutations


You had 3 spell levels left.
You knew the following spells:

 Your Spells              Type           Power        Failure   Level  Hunger
a - Beastly Appendage     Trmt           ##....       10%         1    #......
b - Sticks to Snakes      Trmt           ##......     12%         2    ###....


Dungeon Overview and Level Annotations

Branches:
Dungeon (2/15)

Altars:
Ru


Innate Abilities, Weirdness & Mutations

You cannot wear most types of armour.
You are amphibious.
You can wear up to eight rings at the same time.
You can use your tentacles to constrict eight enemies at once.
Your skin changes colour to match your surroundings (Stealth).
Your rubbery body absorbs attacks (AC +1).


Message History

The jackal barely misses you.
The jackal bites you but does no damage.
The jackal barely misses you. The jackal bites you. x3
The jackal bites you.
The jackal bites you but does no damage.
The jackal barely misses you. The jackal bites you.
The jackal barely misses you.
The jackal bites you but does no damage.
The jackal barely misses you. The jackal misses you. The jackal bites you.
Your magical contamination has completely faded away.
The jackal bites you.
* * * LOW HITPOINT WARNING * * *
The jackal bites you.
* * * LOW HITPOINT WARNING * * *
The jackal misses you. x2; The jackal barely misses you.
The jackal barely misses you. The jackal misses you. The jackal bites you.
* * * LOW HITPOINT WARNING * * *
The jackal misses you. The jackal bites you.
You die...

#.# #.#
#.# #.#
#.# #.#
#.# #.#
#@#
[.....hh#
#########


You could see 2 jackals.

Vanquished Creatures
  A dart slug (D:1)
  A giant gecko (D:1)
  2 giant cockroaches
  3 goblins
  5 hobgoblins
  A jackal (D:2)
  3 giant newts
  5 kobolds
  4 rats (D:1)
25 creatures vanquished.

Vanquished Creatures (collateral kills)
  4 jackals (D:2)
  A rat (D:1)
5 creatures vanquished.

Grand Total: 30 creatures vanquished

Notes
Turn   | Place    | Note
--------------------------------------------------------------
     0 | D:1      | manyhoops the Octopode Transmuter began the quest for the Orb.
     0 | D:1      | Reached XP level 1. HP: 13/13 MP: 3/3
    24 | D:1      | Reached skill level 1 in Stealth
    86 | D:1      | Reached XP level 2. HP: 13/18 MP: 5/5
   451 | D:1      | Learned a level 2 spell: Sticks to Snakes
   800 | D:2      | Found a sacrificial altar of Ru.
   832 | D:2      | Reached XP level 3. HP: 23/23 MP: 6/6
  1246 | D:2      | HP: 1/23 [jackal (2)]
  1247 | D:2      | Slain by a jackal

Skill      XL: |  1  2 |
---------------+-------+-----
Stealth        | 1 2 |  2.4
Fighting       | |  1.0
Dodging        | |  2.0
Unarmed Combat | |  3.0
Spellcasting   | |  2.4
Transmutations | |  2.5

Action                   || total
-------------------------++-------
Melee: Unarmed           ||    65
       Constrict         ||    15
       Tentacles         ||    11
       Kick              ||     1
       Punch             ||     1
 Cast: Beastly Appendage ||     2
       Sticks to Snakes  ||     4
  Use: Scroll            ||     4
 Stab: Sleeping          ||     6
       Distracted        ||     1
  Eat: Chunk             ||     1
Armor: Skin              ||    11
Dodge: Dodged            ||    50
